Map: New Repugnancy LE

Players

GunsMcBuns

  • Race: Zerg Zerg
  • League: Gold
  • Spawn Location: 1:00

SandboX - Winner!

  • Race: Zerg Zerg
  • League: Gold
  • Spawn Location: 7:00

VOD

Have the link to the VOD?

Description

Time

  • Played on: Aug. 12, 2019, 12:14 a.m.
  • Length: 13:09
Show
View Real Time Build Order
Export as new Build Order

GunsMcBuns Zerg 

Build Orders: Pool First, Roach Hydra 

Get SALT Encoding   

  12  0:02  Drone  
  13  0:13  Overlord  
  13  0:22  Drone  
  14  0:37  Spawning Pool  
  14  0:38  Drone  
  14  0:42  Drone  
  15  0:46  Drone  
  16  0:51  Drone  
  17  1:20  Drone  
  17  1:21  Drone  
  17  1:22  Hatchery  
  18  1:30  Queen  
  20  1:45  Extractor  
  20  1:47  Drone x3  
  22  1:59  Overlord  
  22  2:17  Queen  
  24  2:25  Drone x2  
  26  2:30  Extractor  
  25  2:41  Spine Crawler  
  25  2:42  Queen  
  26  2:52  Drone x2  
  27  3:29  Drone x6  
  27  3:30  Drone x3  
  36  3:56  Evolution Chamber  
  36  3:57  Evolution Chamber  
  36  4:00  Lair, Roach Warren  
  33  4:12  Drone x2  
  33  4:13  Overlord, Drone  
  33  4:14  Overlord x2  
  36  4:29  Extractor  
  35  4:33  Extractor  
  34  4:42  Roach  
  34  4:43  Roach x7  
  50  5:14  Glial Reconstitution, Hydralisk Den  
  50  5:18  Zerg Missile Weapons Level 1  
  51  5:21  Roach  
  51  5:23  Drone x3  
  51  5:25  Drone x3  
  51  5:27  Drone x3  
  60  5:29  Overlord  
  60  5:30  Overlord  
  60  5:52  Spine Crawler  
  59  5:57  Hydralisk x3  
  59  5:58  Hydralisk x2  
  67  6:29  Evolution Chamber  
  66  6:36  Hydralisk x4  
  66  6:37  Hydralisk  
  66  6:39  Overlord x3  
  76  6:42  Muscular Augments  
  76  6:53  Infestation Pit  
  75  6:57  Queen  
  75  7:00  Hydralisk x2  
  75  7:01  Hydralisk  
  83  7:10  Zerg Ground Armor Level 1  
  83  7:28  Hydralisk  
  83  7:29  Hydralisk x3  
  91  7:46  Hydralisk x3  
  97  7:53  Grooved Spines  
  47  8:27  Roach x2  
  47  8:28  Roach x7  
  47  8:29  Roach  
  59  8:47  Hydralisk x2  
  63  8:58  Hatchery  
  55  9:37  Hydralisk x5  
  65  9:39  Zerg Ground Armor Level 2  
  65  9:43  Zerg Missile Weapons Level 2  
  65  10:01  Drone  
  65  10:02  Drone x5  
  71  10:20  Roach x6  
  83  11:00  Drone x3  
  83  11:01  Drone x4  
  90  11:05  Extractor  
  90  11:10  Drone x3, Spine Crawler  
  90  11:11  Overlord x3  
  91  11:12  Spine Crawler x2  
  91  11:18  Hive  
  89  11:26  Hydralisk  
  89  11:27  Hydralisk  
  89  11:31  Drone  
  89  11:32  Drone x2  
  96  11:36  Extractor  
  95  12:03  Roach x5  
  95  12:04  Roach x6  
  95  12:05  Roach  
  119  12:16  Overlord x2  
  97  12:35  Roach x3  
  97  12:36  Roach x4  
  60  12:56  Spine Crawler  
Show
View Real Time Build Order
Export as new Build Order

SandboX Zerg - Winner!

Build Orders: Hatch First 

Get SALT Encoding   

  12  0:01  Drone  
  13  0:12  Overlord  
  13  0:19  Drone  
  14  0:38  Drone x3  
  17  0:58  Drone  
  17  1:00  Hatchery  
  17  1:02  Drone  
  18  1:04  Extractor  
  17  1:20  Spawning Pool  
  17  1:22  Drone  
  17  1:25  Drone  
  17  1:32  Drone  
  19  1:46  Overlord  
  19  2:06  Zergling x2  
  19  2:07  Queen  
  22  2:09  Zergling x2  
  22  2:12  Zergling x2, Queen  
  26  2:17  Metabolic Boost  
  27  2:22  Drone  
  27  2:25  Drone  
  27  2:29  Drone  
  29  2:34  Drone  
  30  2:53  Hatchery  
  29  3:00  Drone x2  
  29  3:02  Drone  
  31  3:23  Drone x5  
  31  3:24  Baneling Nest  
  33  3:27  Overlord  
  33  3:33  Drone x2  
  35  3:40  Zergling x2  
  36  3:44  Overlord  
  36  4:04  Drone  
  36  4:05  Drone x10  
  47  4:36  Roach Warren  
  46  4:38  Extractor  
  46  4:42  Extractor  
  44  4:48  Zergling x6  
  44  4:51  Zergling x8  
  44  4:52  Overlord x4  
  51  5:03  Drone x5  
  56  5:15  Baneling  
  56  5:16  Baneling x12  
  56  5:18  Zergling x16  
  64  5:31  Lair  
  64  5:35  Evolution Chamber  
  64  5:38  Evolution Chamber  
  62  5:47  Queen  
  64  5:55  Roach x5  
  64  5:56  Roach x4  
  68  6:21  Roach x10  
  86  6:35  Hydralisk Den  
  85  6:40  Drone x5  
  85  6:42  Overlord x2  
  85  6:45  Zerg Missile Weapons Level 1  
  85  6:46  Zerg Ground Armor Level 1  
  90  6:56  Extractor  
  90  6:58  Extractor x2  
  90  6:59  Glial Reconstitution  
  87  7:05  Roach x2  
  91  7:11  Drone  
  91  7:12  Drone x7  
  99  7:29  Overlord  
  99  7:30  Overlord x3  
  99  7:45  Overlord x4  
  99  7:51  Hydralisk  
  99  7:52  Hydralisk  
  103  8:02  Hydralisk x3  
  77  8:20  Roach x7  
  82  8:27  Queen  
  82  8:48  Zerg Ground Armor Level 2, Zerg Missile Weapons Level 2  
  82  8:50  Muscular Augments  
  81  8:59  Hydralisk x5  
  67  9:26  Roach x9  
  79  9:38  Hydralisk x4  
  87  10:01  Extractor  
  87  10:02  Drone x5  
  91  10:07  Hydralisk x5  
  101  10:32  Hatchery  
  101  10:33  Grooved Spines  
  100  10:40  Roach x6  
  112  11:08  Drone x10  
  122  11:12  Hydralisk x3  
  122  11:13  Hydralisk  
  130  11:37  Infestation Pit  
  129  11:44  Roach x10  
  149  12:00  Overlord x5  
  149  12:11  Overlord x4  
  151  12:30  Roach x9  
  151  12:32  Overlord  
  123  12:44  Roach x5  
  123  12:45  Roach  
Tags
 
Add a new tag
Caveats
  • Supply blocks, unpowered buildings, or Contaminate may cause inaccurate times.
  • Supply counts are checked every 10 seconds.